 Dungeon Crawl Stone Soup version 0.23.2-40-g277498a001 (webtiles) character file.

Game seed: 13688911177586868195

793 KamiKatze the Destroyer (level 7, -10/41 HPs)
             Began as a Tengu Conjurer on Sept 22, 2019.
             Mangled by an ogre
             ... wielding a +0 giant club
              (22 damage)
             ... on level 3 of the Dungeon.
             The game lasted 00:20:20 (4115 turns).

KamiKatze the Destroyer (Tengu Conjurer)            Turns: 4115, Time: 00:20:20

Health: -10/41     AC:  2    Str:  8    XL:     7   Next: 88%
Magic:  24/24      EV: 15    Int: 18    God:
Gold:   165        SH:  0    Dex: 14    Spells: 2/16 levels left

rFire    . . .     SeeInvis .   a - +0 whip (elec)
rCold    . . .     Gourm    .   (no shield)
rNeg     . . .     Faith    .   p - +0 robe {Archmagi}
rPois    .         Spirit   .   (helmet restricted)
rElec    .         Reflect  .   (no cloak)
rCorr    .         Harm     .   (no gloves)
MR       .....                  (boots unavailable)
Stlth    ++........             (no amulet)
HPRegen  0.13/turn              n - ring of magical power
MPRegen  0.19/turn              (no ring)

@: flying quickly and evasively, quick
A: beak, talons 3, able to fly
a: Stop Flying


You were on level 3 of the Dungeon.
You were not hungry.

You visited 1 branch of the dungeon, and saw 4 of its levels.

You collected 165 gold pieces.

Inventory:

Hand Weapons
 a - a +0 whip of electrocution (weapon)
 b - a +2 dagger of venom
Armour
 h - a +1 robe
 j - a +0 buckler
 p - a +0 robe of the Archmagi (worn)
Jewellery
 n - a ring of magical power (left hand)
Scrolls
 e - a scroll of noise {unknown}
 f - a scroll of teleportation {unknown}
 g - a scroll of remove curse
 i - 2 scrolls of enchant weapon
 k - a scroll of identify
Potions
 q - 2 potions of magic
Comestibles
 c - 6 rations
 d - a chunk of flesh


   Skills:
 + Level 3.1 Fighting
 - Level 2.1 Dodging
 - Level 2.0 Stealth
 * Level 5.0 Spellcasting
 * Level 8.4 Conjurations
 + Level 2.1 Hexes


You had 2 spell levels left.
You knew the following spells:

 Your Spells              Type           Power        Failure   Level  Hunger
a - Magic Dart            Conj           ####         1%          1    None
b - Searing Ray           Conj           ######       1%          2    #......
c - Dazzling Spray        Conj/Hex       #####.       4%          3    ##.....
d - Iskenderun's Mystic   Conj           ######..     4%          4    ####...
e - Fulminant Prism       Conj/Hex       #####.....   16%         4    ####...

Your spell library contained the following spells:

 Spells                   Type           Power        Failure   Level  Hunger
 Force Lance              Conj/Tloc      ####....     24%         4    ####...


Dungeon Overview and Level Annotations

Branches:
Dungeon (4/15)
 Temple: D:4-7

Altars:
Elyvilon
Makhleb
Qazlal
Trog


Innate Abilities, Weirdness & Mutations

You have a beak for a mouth.
You have claws for feet.
You can fly continuously.


Message History

Things that are here:
a +0 robe; a +0 spear You see here a +0 club.
There is a stone staircase leading down here.
You fly downwards.
There is a stone staircase leading up here.
You hit the centaur skeleton.
You claw the centaur skeleton, but do no damage.
The centaur skeleton is severely damaged.
The centaur skeleton hits you.
You hit the centaur skeleton. You claw the centaur skeleton.
You destroy the centaur skeleton!
Your Spellcasting skill increases to level 5!
The ogre hits you with a +0 giant club!
* * * LOW HITPOINT WARNING * * *
You fly upwards.
There is a stone staircase leading down here.
The ogre hits you with a +0 giant club!!
Ouch! That really hurt!
You die...

####.# #.# #<.....#
...#.# #.# #.#.#)##
...#.# #.# #.#.#.###
...#.# #.# #.......#
...#.#
#.#######..#.#
...#.#
#..........#.#
...#.#
#########....#
...#.#
#########.O###
...'.# #........@>#
...### #.##########
...<####.#........#
.......#......#.#.##
...###.###.........#
.......#####.#..#..#
...####<...........#
...# ####.#######.#
#### #.......#.#


You could see an ogre.

Vanquished Creatures
  A sky beast (D:2)
  A phantom (D:3)
  A scorpion (D:4)
  A howler monkey (D:4)
  A hound (D:3)
  5 orc priests
  A centaur skeleton (D:4)
  3 iron imps (D:3)
  2 orc wizards
  A worker ant (D:3)
  3 gnolls (D:3)
  4 adders
  An adder skeleton (D:2)
  A worm (D:2)
  2 dart slugs (D:1)
  2 leopard geckos
  15 orcs
  4 giant cockroaches
  5 goblins
  7 hobgoblins
  5 jackals
  11 kobolds
  A quokka (D:2)
  A bat (D:1)
  8 frilled lizards
  10 rats
97 creatures vanquished.

Vanquished Creatures (others)
  A giant cockroach (D:3)
1 creature vanquished.

Grand Total: 98 creatures vanquished

Notes
Turn   | Place    | Note
-------+----------+-------------------------------------------
     0 | D:1      | KamiKatze the Tengu Conjurer began the quest for the Orb.
     0 | D:1      | Reached XP level 1. HP: 10/10 MP: 4/4
   181 | D:1      | Reached XP level 2. HP: 16/16 MP: 1/6
   205 | D:1      | Learned a level 2 spell: Searing Ray
   485 | D:1      | Reached XP level 3. HP: 20/20 MP: 4/7
   490 | D:1      | Learned a level 3 spell: Dazzling Spray
   886 | D:2      | Reached skill level 1 in Fighting
  1087 | D:2      | Reached skill level 6 in Conjurations
  1218 | D:2      | Noticed a sky beast
  1289 | D:2      | Found a bloodstained altar of Trog.
  1291 | D:2      | Found a stormy altar of Qazlal.
  1361 | D:2      | Reached XP level 4. HP: 25/25 MP: 9/9
  1736 | D:3      | Found a white marble altar of Elyvilon.
  1897 | D:3      | Found a burning altar of Makhleb.
  2316 | D:3      | Gained mutation: You can fly continuously. [Tengu growth]
  2316 | D:3      | Reached XP level 5. HP: 29/29 MP: 8/10
  2463 | D:3      | Reached skill level 1 in Hexes
  2580 | D:3      | Learned a level 4 spell: Iskenderun's Mystic Blast
  2596 | D:3      | Reached XP level 6. HP: 34/35 MP: 7/12
  2619 | D:3      | Reached skill level 7 in Conjurations
  2837 | D:2      | Killed a sky beast
  3195 | D:4      | Reached XP level 7. HP: 32/40 MP: 14/14
  3520 | D:4      | Reached skill level 8 in Conjurations
  3580 | D:4      | Learned a level 4 spell: Fulminant Prism
  4112 | D:4      | Reached skill level 5 in Spellcasting
  4115 | D:3      | Mangled by an ogre

Skill      XL: |  1  2  3  4  5  6  7 |
---------------+----------------------+-----
Fighting       | 1 2 3 |  3.1
Conjurations   | 6 7 8 |  8.4
Spellcasting   | 3 4 5 |  5.0
Hexes          | 1 2 |  2.1
Dodging        | |  2.1
Stealth        | |  2.0

Action                   |  1- 3 |  4- 6 |  7- 9 || total
-------------------------+-------+-------+-------++-------
Melee: Short sword       |    19 |    20 |       ||    39
       Kick              |     1 |     4 |     2 ||     7
       Peck              |     2 |       |       ||     2
       Whip              |       |       |     5 ||     5
 Cast: Magic Dart        |    57 |    72 |    37 ||   166
       Searing Ray       |     2 |     9 |     5 ||    16
       Iskenderun's Myst |       |     3 |     7 ||    10
 Abil: Fly               |       |     1 |       ||     1
  Use: Scroll            |       |    10 |     1 ||    11
       Potion            |       |       |     2 ||     2
 Stab: Sleeping          |       |     1 |       ||     1
  Eat: Chunk             |     2 |     6 |     1 ||     9
       Ration            |       |       |     1 ||     1
Armor: Robe              |     2 |     5 |     5 ||    12
Dodge: Dodged            |    14 |    19 |    33 ||    66
